 Dungeon Crawl Stone Soup version 0.31-a0-256-g80acddb972 (webtiles) character file.

Game seed: 4755802795681685395

14672 Locuples the Bludgeoner (level 11, -6/101 HPs)
             Began as a Minotaur Gladiator on July 13, 2023.
             Was the Champion of Cheibriados.
             Mangled by an orc knight
             ... wielding a +0 broad axe
              (20 damage)
             ... on level 2 of the Orcish Mines.
             The game lasted 00:23:02 (9562 turns).

Locuples the Bludgeoner (Minotaur Gladiator)        Turns: 9562, Time: 00:23:02

Health: -6/101     AC: 22    Str: 38    XL:     11   Next: 91%
Magic:  8/10       EV: 14    Int: 20    God:    Cheibriados [******]
Gold:   1162       SH:  0    Dex: 31    Spells: 10/10 levels left

rFire   + + .        e - +10 great mace "Raisin" {protect, rF+ rC+ rCorr Dex+4}
rCold   + + .        (shield currently unavailable)
rNeg    . . .        O - +2 plate armour {Will+}
rPois   +            c - +0 hat
rElec   +            S - +1 cloak {rPois}
rCorr   +            o - +0 pair of gloves
SInv    +            G - +0 pair of boots
Will    +....        (no amulet) Stlth
                     b - ring of see invisible
HPRegen 0.36/turn    D - ring of resist corrosion
MPRegen 0.12/turn

%: no passive effects
@: mighty, resistant, very slow
A: horns 2, retaliatory headbutt
a: Renounce Religion, Bend Time, Temporal Distortion, Slouch, Step From Time


You were on level 2 of the Orcish Mines.
You worshipped Cheibriados.
Cheibriados was exalted by your worship.
You visited 2 branches of the dungeon, and saw 12 of its levels.
You also visited: Bailey.

You collected 1604 gold pieces.
You spent 442 gold pieces at shops.

Inventory:

Hand Weapons
 e - the +10 great mace "Raisin" (weapon) {protect, rF+ rC+ rCorr Dex+4}
   (You found it on level 3 of the Dungeon)

   Dex:       It affects your dexterity (+4).
   rF:        It protects you from fire.
   rC:        It protects you from cold.
   rCorr:     It protects you from acid and corrosion.
 x - a +4 heavy dire flail
 M - a +4 broad axe
Missiles
 s - a throwing net
Armour
 c - a +0 hat (worn)
 o - a +0 pair of gloves (worn)
 G - a +0 pair of boots (worn)
 O - a +2 plate armour of willpower (worn)
 S - a +1 cloak of poison resistance (worn)
Jewellery
 b - a ring of see invisible (left hand)
 D - a ring of resist corrosion (right hand)
 P - a ring of positive energy
Wands
 u - a wand of charming (21)
 y - a wand of quicksilver (12)
 A - a wand of roots (5)
 C - a wand of mindburst (9)
Scrolls
 d - a scroll of fog {unknown}
 g - 4 scrolls of revelation {unknown}
 i - 4 scrolls of enchant armour {unknown}
 k - 7 scrolls of identify {unknown}
 l - a scroll of enchant weapon {unknown}
 n - a scroll of butterflies {unknown}
 p - a scroll of poison {unknown}
 q - 3 scrolls of vulnerability {unknown}
 t - 7 scrolls of teleportation {unknown}
 v - 4 scrolls of fear {unknown}
 B - 2 scrolls of amnesia {unknown}
 E - a scroll of blinking {unknown}
 I - a scroll of brand weapon {unknown}
 R - a scroll of noise {unknown}
Potions
 a - a potion of lignification {unknown}
 f - 4 potions of brilliance {unknown}
 h - 2 potions of curing
 j - 2 potions of might
 m - a potion of enlightenment {unknown}
 r - 3 potions of haste {unknown}
 w - a potion of berserk rage {unknown}
 z - a potion of degeneration {unknown}
 F - 2 potions of resistance
 H - 2 potions of magic {unknown}
 J - 2 potions of cancellation {unknown}
 K - 2 potions of heal wounds {unknown}
 L - 3 potions of mutation {unknown}
 N - a potion of experience
 Q - a potion of invisibility {unknown}
 T - 2 potions of attraction {unknown}


   Skills:
 + Level 10.3 Fighting
 + Level 7.0(12.5) Axes
 + Level 16.1(16.7) Maces & Flails
 - Level 2.0 Throwing
 + Level 10.4 Armour
 + Level 5.4 Dodging
 + Level 1.0 Invocations


You had 10 spell levels left.
You didn't know any spells.
Your spell library contained the following spells:

 Spells                   Type           Power      Damage    Failure   Level
 Sandblast                Erth           0%         2d4       67%         1
 Passwall                 Tmut/Erth      0%         N/A       80%         2
 Stone Arrow              Conj/Erth      0%         3d7       95%         3


Dungeon Overview and Level Annotations

Branches:
Dungeon (10/15)            Temple (0/1) D:6            Lair (0/5) D:8
    Orc (2/2) D:10         Bailey (visited)
    Elf: Orc:2

Altars:
Ashenzari
Cheibriados
Fedhas
Gozag
Okawaru
Qazlal
Uskayaw
Xom

Shops:
D:1 =   D:6 =   D:8 [


Innate Abilities, Weirdness & Mutations

You have a pair of horns on your head.
You reflexively headbutt those who attack you in melee.


Message History

The orc warrior hits you from afar with a +2 glaive of distortion!
* * * LOW HITPOINT WARNING * * *
Space warps horribly around you!
* * * LOW HITPOINT WARNING * * *
You feel very mighty all of a sudden.
An orc comes into view. It is wielding a +0 orcbow.
The orc shoots an arrow.
The arrow hits you but does no damage.
The orc warrior unwields a +0 orcbow.
The orc warrior wields a +0 broad axe.
The orc warrior closely misses you.
The orc warrior hits you but does no damage.
Space warps around you.
* * * LOW HITPOINT WARNING * * *
It was a potion of resistance.
You feel protected. The orc warrior closely misses you.
The orc warrior barely misses you. You furiously retaliate!
You headbutt the orc warrior!
It was a potion of curing.
You feel better. The orc warrior barely misses you.
The orc warrior hits you with a +0 broad axe!
* * * LOW HITPOINT WARNING * * *
You feel better.
An orc warrior comes into view. It is wielding a +0 short sword.
The orc unwields a +0 orcbow.
The orc wields a +0 mace.
The orc barely misses you. The orc warrior completely misses you.
The orc warrior hits you but does no damage.
You miss the orc warrior.
The orc warrior is moderately wounded.
The orc warrior hits you from afar with a +2 glaive of distortion!
* * * LOW HITPOINT WARNING * * *
The orc warrior hits you but does no damage.
You feel better.
The orc warrior hits you from afar with a +2 glaive of distortion.
* * * LOW HITPOINT WARNING * * *
Space warps around you.
* * * LOW HITPOINT WARNING * * *
The orc warrior hits you with a +0 broad axe!
* * * LOW HITPOINT WARNING * * *
You feel better.
The orc knight unwields a +0 arbalest.
The orc knight wields a +0 broad axe.
The orc knight hits you with a +0 broad axe!!
You die...

...# ####...#### ##.
###.####.#
##..###....#...#
#....#....##.###
#......###...#.##
###.....#.......#
#######)..........#.##
##....).)..............
#.....o@oo..............
...##.o##oo##...###...##
#..o.o.....≈≈# ≈≈...
#......o...≈≈≈# ≈≈≈..
..........≈≈≈≈## ≈≈≈≈
..#......≈≈≈≈### . #....
≈≈≈## .....


oooo You could see an orc knight, 4 orc warriors and 2 orcs.

Vanquished Creatures
  An orc warlord (Bailey)
  3 two-headed ogres
  Pikel (D:7)
  3 orc knights
  A komodo dragon (D:8)
  A kobold demonologist (D:9)
  2 unseen horror zombies (D:9)
  2 trolls
  A hornet (D:7)
  Sigmund (D:4)
  5 wyverns
  Edmund (D:5)
  Menkaure (D:7)
  An acid dragon (D:8)
  5 water moccasins
  Duvessa (D:7)
  2 sky beasts
  A hornet zombie (D:9)
  2 black bears
  5 ogres
  21 orc warriors
  3 ice beasts
  7 centaurs
  A phantom (D:6)
  A lemure (D:7)
  A kobold brigand (D:9)
  Blork the orc (D:5)
  A bullfrog (D:5)
  A gnoll sergeant (D:8)
  A wyvern zombie (D:9)
  4 scorpions
  11 wights (D:9)
  Dowan (D:7)
  7 killer bees
  5 howler monkeys
  2 electric eels (D:9)
  3 centaur zombies (D:9)
  2 hounds
  A jelly (D:5)
  14 orc priests
  Crazy Yiuf (D:4)
  An iguana (D:4)
  17 orc wizards
  2 sleepcaps
  Terence (D:3)
  A mummy (D:8)
  2 howler monkey zombies (D:9)
  6 adders
  12 gnolls
  A shadow imp (D:6)
  3 white imps
  An ufetubus (D:5)
  2 worms
  4 dart slugs
  58 orcs
  5 endoplasms
  6 giant cockroaches
  16 goblins
  9 hobgoblins
  7 quokkas
  7 ball pythons
  6 bats
  2 frilled lizards
  A hobgoblin zombie (D:8)
  26 kobolds
  A kobold zombie (D:8)
  2 orc zombies (D:8)
  2 rats (D:1)
330 creatures vanquished.

Notes
Turn   | Place    | Note
-------+----------+-------------------------------------------
     0 | D:1      | Locuples the Minotaur Gladiator began the quest for the
                  | Orb.
     0 | D:1      | Reached XP level 1. HP: 18/18 MP: 0/0
    84 | D:1      | Reached XP level 2. HP: 20/25 MP: 1/1
   520 | D:1      | Reached XP level 3. HP: 30/30 MP: 2/2
   708 | D:1      | Found Giderac's Jewellery Emporium.
  1174 | D:2      | Found a snail-covered altar of Cheibriados.
  1210 | D:2      | Became a worshipper of Cheibriados the Contemplative
  1294 | D:2      | Found a faded altar of an unknown god.
  1345 | D:2      | Reached skill level 5 in Axes
  1368 | D:2      | Reached XP level 4. HP: 37/37 MP: 3/3
  1846 | D:3      | Reached * piety under Cheibriados
  1939 | D:3      | Reached skill level 1 in Armour
  1983 | D:3      | Identified the +10 great mace "Raisin" {protect, rF+ rC+
                  | rCorr Dex+4}
  1984 | D:3      | Noticed Terence
  1994 | D:3      | Killed Terence
  1995 | D:3      | Reached XP level 5. HP: 40/44 MP: 4/4
  2374 | D:4      | Noticed Sigmund
  2378 | D:4      | Reached skill level 1 in Maces & Flails
  2381 | D:4      | Killed Sigmund
  2381 | D:4      | Reached ** piety under Cheibriados
  2382 | D:4      | Reached skill level 2 in Maces & Flails
  2382 | D:4      | Reached XP level 6. HP: 41/51 MP: 5/5
  2434 | D:4      | Reached XP level 7. HP: 58/58 MP: 6/6
  2450 | D:4      | Reached skill level 3 in Maces & Flails
  2538 | D:4      | Found a runed translucent door.
  2539 | D:4      | Noticed Crazy Yiuf
  2543 | D:4      | Killed Crazy Yiuf
  2756 | D:4      | Found an opulent altar of Gozag.
  2846 | D:5      | Entered Level 5 of the Dungeon
  2920 | D:5      | Reached skill level 4 in Maces & Flails
  2922 | D:5      | Noticed Edmund
  2925 | D:5      | Reached skill level 5 in Maces & Flails
  2925 | D:5      | Reached skill level 5 in Dodging
  2933 | D:5      | Killed Edmund
  2934 | D:5      | Reached skill level 6 in Maces & Flails
  2934 | D:5      | Reached XP level 8. HP: 13/67 MP: 7/7
  3140 | D:5      | Noticed Blork the orc
  3149 | D:5      | Killed Blork the orc
  3247 | D:5      | Reached *** piety under Cheibriados
  3554 | D:5      | Found a stormy altar of Qazlal.
  3839 | D:6      | Reached skill level 5 in Fighting
  3839 | D:6      | Reached skill level 7 in Maces & Flails
  4147 | D:6      | Found Nathriesk's Jewellery Emporium.
  4157 | D:6      | Bought a ring of resist corrosion for 240 gold pieces
  4170 | D:6      | Reached skill level 5 in Armour
  4418 | D:6      | Found a staircase to the Ecumenical Temple.
  4634 | D:6      | Found a broken altar of Ashenzari.
  5049 | D:7      | Noticed Pikel
  5053 | D:7      | Reached skill level 8 in Maces & Flails
  5056 | D:7      | Killed Pikel
  5057 | D:7      | Reached skill level 9 in Maces & Flails
  5057 | D:7      | Reached XP level 9. HP: 69/75 MP: 8/8
  5076 | D:7      | Found a flagged portal.
  5082 | Bailey   | Entered a bailey
  5087 | Bailey   | Noticed an orc warlord
  5110 | Bailey   | Reached **** piety under Cheibriados
  5136 | Bailey   | Found a runed translucent gate.
  5139 | Bailey   | Found a runed translucent gate.
  5141 | Bailey   | Found a runed translucent gate.
  5214 | Bailey   | Killed an orc warlord
  5215 | Bailey   | Reached skill level 11 in Maces & Flails
  5234 | Bailey   | Identified the +4 mace "Vokkieck" {venom, Int+4}
  5360 | D:7      | Noticed Duvessa
  5361 | D:7      | Noticed Dowan
  5364 | D:7      | Killed Dowan
  5371 | D:7      | Killed Duvessa
  5551 | D:7      | Noticed Menkaure
  5552 | D:7      | Killed Menkaure
  5553 | D:7      | Reached XP level 10. HP: 86/86 MP: 9/9
  5853 | D:7      | Found a snail-covered altar of Cheibriados.
  5936 | D:7      | Identified the +1 war axe of the Realm of Zot {freeze, rF+
                  | Int+2}
  5942 | D:7      | Reached skill level 12 in Maces & Flails
  6150 | D:8      | Reached ***** piety under Cheibriados
  6749 | D:8      | Found a staircase to the Lair.
  6756 | D:8      | Identified the +1 scale mail of Sin {rN+ Int+7}
  7013 | D:8      | Found Cihyppeirr's Antique Armour Shoppe.
  7032 | D:8      | Reached skill level 13 in Maces & Flails
  7038 | D:8      | Bought a runed cloak for 202 gold pieces
  7170 | D:8      | Found an iron altar of Okawaru.
  7355 | D:8      | Found a sparkling altar of Nemelex Xobeh.
  7357 | D:8      | Found a shimmering altar of Xom.
  7357 | D:8      | Found a blossoming altar of Fedhas.
  7359 | D:8      | Found a hazy altar of Hepliaklqana.
  7359 | D:8      | Found a shimmering altar of Xom.
  7359 | D:8      | Found a hide-covered altar of Uskayaw.
  7903 | D:9      | Reached skill level 14 in Maces & Flails
  7903 | D:9      | Reached XP level 11. HP: 95/95 MP: 10/10
  8016 | D:9      | Reached ****** piety under Cheibriados
  8481 | D:10     | Entered Level 10 of the Dungeon
  8531 | D:10     | Noticed a two-headed ogre
  8535 | D:10     | Killed a two-headed ogre
  8542 | D:10     | Found a staircase to the Orcish Mines.
  8600 | Orc:1    | Entered Level 1 of the Orcish Mines
  8600 | Orc:1    | Noticed a two-headed ogre
  8608 | Orc:1    | Killed a two-headed ogre
  8609 | Orc:1    | Reached skill level 15 in Maces & Flails
  8610 | Orc:1    | Noticed an orc knight
  8618 | Orc:1    | Killed an orc knight
  8637 | Orc:1    | Noticed a two-headed ogre
  8638 | Orc:1    | Noticed an orc knight
  8643 | Orc:1    | Killed an orc knight
  8645 | Orc:1    | Killed a two-headed ogre
  8860 | Orc:1    | Reached skill level 10 in Armour
  9173 | Orc:2    | Entered Level 2 of the Orcish Mines
  9185 | Orc:2    | Noticed an orc knight
  9186 | Orc:2    | Reached skill level 10 in Fighting
  9197 | Orc:2    | Killed an orc knight
  9198 | Orc:2    | Reached skill level 16 in Maces & Flails
  9202 | Orc:2    | Reached skill level 1 in Invocations
  9547 | Orc:2    | Noticed an orc knight
  9549 | Orc:2    | Noticed an orc knight
  9562 | Orc:2    | Mangled by an orc knight

Illustrated notes

Levels and vault maps discovered:
D:1:      dpeg_arrival_rooms_with_view, layout_basic, serial_shops,
          nicolae_shop_gaudy_bauble
D:2:      layout_basic, basic_altar,
          dreamdust_ecumenical_altar_angels_and_demons,
          kennysheep_generic_room_5
D:3:      layout_rooms, serial_corexii_hall, corexii_hall_statues_x,
          corexii_hall_statues_x, corner_web_ring, feat_on_display, uniq_terence
D:4:      layout_cave_pools, nicolae_gozag_cash_rules_everything_around_me,
          uniq_crazy_yiuf_cottage, uniq_sigmund
D:5:      kennysheep_six_static_rooms, layout_basic,
          nicolae_qazlal_beasts_of_the_sky, uniq_blork_the_orc, uniq_edmund
D:6:      layout_layer_cave, mainiacjoe_overflow_paths,
          minmay_temple_entry_drinking_statues, serial_shops, shop, minivault_11
D:7:      layout_basic, marbit_many_paths, enter_bailey_2, uniq_duvessa,
          uniq_menkaure, uniq_pikel
D:8:      layout_gridville, doesnt_xom_only_xom, okawaru_altar_gauntlet_db,
          erik_lair_dragon, serial_shops, shop, minmay_mini_ossuary
D:9:      layout_irregular_city, serial_undead, serial_undead_e,
          serial_undead_f, serial_undead_e, serial_undead_f, serial_undead_b,
          serial_undead_f, serial_undead_b, minivault_10, eino_jars
D:10:     layout_roguey, gammafunk_temple_overflow_pools, erik_orc_3,
          gammafunk_ghost_hive, chequers_serial_rivers_micro_b,
          nicolae_lava_and_water
Orc:1:    layout_caves, mines2_lemuel
Orc:2:    st_orc_rangers, layout_diamond_mine

Skill      XL: |  1  2  3  4  5  6  7  8  9 10 11 |
---------------+----------------------------------+-----
Axes           | 4 5 6 7 |  7.0
Dodging        | 4 5 |  5.4
Armour         | 1 2 3 4 6 7 9 10 | 10.4
Fighting       | 3 4 5 7 8 10 | 10.3
Maces & Flails | 2 6 9 11 14 16 | 16.1
Invocations    | 1 |  1.0
Throwing       | |  2.0

Action                     |  1- 3 |  4- 6 |  7- 9 | 10-12 || total
---------------------------+-------+-------+-------+-------++-------
  Melee: War axe           |    92 |    30 |       |       ||   122
         Headbutt          |    12 |     5 |    23 |    50 ||    90
         Punch             |     1 |       |       |       ||     1
         Great mace        |       |    18 |   130 |   300 ||   448
 Invoke: Bend Time         |       |       |       |     1 ||     1
         Temporal Distorti |       |       |       |     1 ||     1
    Use: Potion            |       |       |       |     6 ||     6
 Armour: Leather armour    |    32 |       |       |       ||    32
         Ring mail         |     7 |    27 |    18 |       ||    52
         Plate armour      |       |       |    64 |   251 ||   315
  Dodge: Dodged            |    64 |    61 |   118 |   322 ||   565

Table legend: (Time is in decaauts)
 A = Elapsed time spent in this place.
 B = Non-inter-level travel time spent in this place.
 C = Inter-level travel time spent in this place.
 D = Time resting spent in this place.
 E = Time spent auto-exploring this place.
 F = Levels seen in this place.
 G = Mean time per level.
                   A        B        C        D        E       F      G
               +--------+--------+--------+--------+--------+-----+--------+
         Total |  13630 |  13586 |     44 |    800 |   9528 |  13 | 1048.5 |
       Dungeon |  11841 |  11797 |     44 |    535 |   8528 |  10 | 1184.1 |
  Orcish Mines |   1378 |   1378 |      0 |    265 |    815 |   2 |  689.0 |
        Bailey |    410 |    410 |      0 |      0 |    185 |   1 |  410.0 |
               +--------+--------+--------+--------+--------+-----+--------+

Top non-repeatable levels by time:
     D:8: 2209 daAuts
     D:6: 1885 daAuts
     D:9: 1639 daAuts
     D:5: 1411 daAuts
     D:7: 1104 daAuts
     D:1: 1037 daAuts
   Orc:1: 848 daAuts
     D:2: 847 daAuts
     D:4: 774 daAuts
     D:3: 748 daAuts
   Orc:2: 530 daAuts
  Bailey: 410 daAuts
    D:10: 183 daAuts
